 Dungeon Crawl Stone Soup version bcrawl-1.22 (webtiles) character file.

Game seed: 10731552560288769913

53 Morbidden the Cudgeler (level 3, 0/31 HPs)
             Began as a Sand Dwarf Sloth Apostle on May 21, 2020.
             Was a Follower of Cheibriados.
             Slain by a kobold
             ... wielding a +0 club
              (3 damage)
             ... on level 2 of the Dungeon.
             The game lasted 00:02:23 (1389 turns).

Morbidden the Cudgeler (Sand Dwarf Sloth Apostle)   Turns: 1389, Time: 00:02:23

Health: 0/31       AC:  8    Str: 19    XL:     3   Next: 89%
Magic:  4/4        EV:  9    Int: 14    God:    Cheibriados [*.....]
Gold:   32         SH:  9    Dex: 12    Spells: 3/4 levels left

rFire    . . .     SeeInvis .   a - +0 mace
rCold    . . .     Gourm    .   c - +0 medium shield
rNeg     . . .     Faith    .   h - +0 ring mail
rPois    .         Spirit   .   (no helmet)
rElec    .         Reflect  .   (no cloak)
rCorr    .         Harm     .   (no gloves)
MR       .....                  l - +0 pair of boots (curse)
Stlth    +.........             (no amulet)
HPRegen  0.10/turn              j - +2 ring of protection
MPRegen  0.09/turn              (no ring)

@: lethally poisoned (0 -> 0), very slow
A: small, slowness 1, armour attunement
a: Bend Time, Renounce Religion


You were on level 2 of the Dungeon.
You worshipped Cheibriados.
Cheibriados was aware of your devotion.
You were not hungry.

You visited 1 branch of the dungeon, and saw 2 of its levels.

You collected 32 gold pieces.

Inventory:

Hand Weapons
 a - a +0 mace (weapon)
Armour
 c - a +0 medium shield (worn)
 h - a +0 ring mail (worn)
 l - a cursed +0 pair of boots (worn)
Jewellery
 j - a +2 ring of protection (left hand)
Wands
 d - a wand of paralysis (10)
Scrolls
 g - 2 scrolls of identify {unknown}
Potions
 b - a potion of berserk rage {unknown}
 i - a potion of mutation {unknown}
 k - a potion of resistance {unknown}
Comestibles
 e - 6 rations {!d}
 f - 4 chunks of flesh


   Skills:
 * Level 3.2 Fighting
 * Level 4.2 Maces & Flails
 + Level 0.8 Armour
 + Level 0.2 Dodging
 - Level 2.4 Stealth
 + Level 2.4 Shields
 + Level 1.1 Spellcasting
 + Level 0.7 Hexes
 * Level 0.4 Invocations
 + Level 1.3 Evocations


You had 3 spell levels left.
You knew the following spells:

 Your Spells              Type           Power        Failure   Level  Hunger
a - Slow                  Hex            #.......     71%         1    ##.....
Your spell library was empty.

Dungeon Overview and Level Annotations

Branches:
Dungeon (2/12)

Altars:


Innate Abilities, Weirdness & Mutations

You are small and have problems with some larger weapons.
You cover ground slowly.
Armour does not affect your spellcasting.


Message History

The worm is moderately wounded.
You block the worm's attack.
You hit the worm.
The worm is moderately wounded.
You feel sick. The worm bites you.
You hit the worm.
The worm is heavily wounded.
The worm bites you but does no damage.
You hit the worm.
The worm is heavily wounded.
The worm bites you!
* * * LOW HITPOINT WARNING * * *
No path to travel!
You feel sick.
You feel sick.
Some of the chunks of flesh in your inventory have rotted away.
The kobold hits you but does no damage.
You see here a +0 club.
You feel sick. The kobold hits you with a +0 club.
You die...

####....#.# ........#.#
..........# ######.###
#w# #.# #b# #K#
#########@#######
########.......#........
................########
########........#
.......####.....#
....<#.# #.....#
..####.# #.....#
.......# #.....#
#.###### #.#####


You could see a worm, a bat and a kobold.

Vanquished Creatures
  An adder (D:2)
  2 worms (D:2)
  2 dart slugs
  A leopard gecko (D:1)
  An orc (D:2)
  2 ball pythons (D:1)
  3 giant cockroaches
  2 hobgoblins (D:1)
  4 bats (D:1)
  6 goblins
  4 kobolds (D:1)
  4 rats (D:1)
32 creatures vanquished.

Notes
Turn   | Place    | Note
-------+----------+-------------------------------------------
     0 | D:1      | Morbidden the Sand Dwarf Sloth Apostle began the quest for
                  | the Orb.
     0 | D:1      | Reached XP level 1. HP: 18/18 MP: 2/2
   333 | D:1      | Reached XP level 2. HP: 15/25 MP: 3/3
   893 | D:1      | Reached * piety under Cheibriados
   977 | D:1      | Reached XP level 3. HP: 31/31 MP: 4/4
  1212 | D:2      | Reached skill level 4 in Maces & Flails
  1389 | D:2      | Slain by a kobold

Skill      XL: |  1  2  3 |
---------------+----------+-----
Fighting       | 3 |  3.2
Maces & Flails | 4 |  4.2
Armour         | |  0.8
Dodging        | |  0.2
Stealth        | |  2.4
Shields        | |  2.4
Spellcasting   | |  1.1
Hexes          | |  0.7
Invocations    | |  0.4
Evocations     | |  1.3

Action                   || total
-------------------------++-------
Melee: Mace              ||   174
 Stab: Sleeping          ||     2
  Eat: Chunk             ||     1
Armor: Robe              ||    11
       Ring mail         ||    78
Dodge: Dodged            ||   105
Block: Medium shield     ||   101
